 Dungeon Crawl Stone Soup version 0.30.1-11-g7821555f0a (webtiles) character file.

Game seed: 6128984648965458157

60 Peloso the Covered (level 3, -3/33 HPs)
             Began as a Minotaur Fighter on Nov 28, 2023.
             Slain by Sigmund
             ... wielding a +0 scythe
              (7 damage)
             ... on level 2 of the Dungeon.
             The game lasted 00:01:28 (875 turns).

Peloso the Covered (Minotaur Fighter)                Turns: 875, Time: 00:01:29

Health: -3/33      AC:  7    Str: 20    XL:     3   Next: 82%
Magic:  2/2        EV:  9    Int:  5    God:
Gold:   82         SH:  0    Dex: 11    Spells: 2/2 levels left

rFire   + . .        a - +0 long sword
rCold   + . .        c - +0 buckler
rNeg    . . .        b - +0 scale mail
rPois   +            (helmet restricted)
rElec   +            (no cloak)
rCorr   +            (no gloves)
SInv    .            (no boots)
Will    .....        (no amulet) Stlth
                     (no ring)
HPRegen 0.25/turn    (no ring)
MPRegen 0.08/turn

%: no passive effects
@: confused, mighty, resistant, slowed, invisible, very slow
A: horns 2, retaliatory headbutt
a: no special abilities


You were on level 2 of the Dungeon.
You visited 1 branch of the dungeon, and saw 2 of its levels.

You collected 82 gold pieces.

Inventory:

Hand Weapons
 a - a +0 long sword (weapon)
Armour
 b - a +0 scale mail (worn)
 c - a +0 buckler (worn)
Scrolls
 e - a scroll of immolation {unknown}
 g - a scroll of magic mapping {unknown}
 h - a scroll of noise {unknown}
Potions
 i - a potion of resistance
 j - a potion of mutation {unknown}


   Skills:
 + Level 4.1 Fighting
 + Level 3.0 Long Blades
 + Level 4.4 Armour
 + Level 0.5 Dodging
 + Level 4.2 Shields


You had 2 spell levels left.
You didn't know any spells.
Your spell library contained the following spells:

 Spells                   Type           Power      Damage    Failure   Level
 Beastly Appendage        Tmut           0%         N/A       87%         1
 Wereblood                Tmut           0%         N/A       95%         2
 Ignite Poison            Fire/Tmut/Pois 0%         N/A       99%         3
 Spider Form              Tmut/Pois      0%         N/A       99%         3
 Sticky Flame             Conj/Fire      0%         2d3       100%        4
 Ignition                 Fire           0%         3d3       100%        8


Dungeon Overview and Level Annotations

Branches:
Dungeon (2/15)

Altars:

Annotations:
D:2 Jessica, Sigmund


Innate Abilities, Weirdness & Mutations

You have a pair of horns on your head.
You reflexively headbutt those who attack you in melee.


Message History

Jessica is almost dead.
Jessica gestures at you while chanting. You resist with some effort.
Sigmund casts a spell.
Sigmund flickers and vanishes!
Deactivating autopickup; reactivate with Ctrl-A.
Jessica points at you and mumbles some strange words.
Pain shoots through your body!
You barely miss Jessica.
Jessica is almost dead.
Something hits you! You block Jessica's attack.
Jessica casts a spell.
Jessica blinks!
A magic dart appears from out of thin air!
The magic dart hits you! Something hits you!
* * * LOW HITPOINT WARNING * * *
Jessica gestures wildly while chanting.
Jessica blinks!
You see here an adder corpse.
You miss something.
Jessica points at you and mumbles some strange words.
You resist with some effort. Something hits you.
* * * LOW HITPOINT WARNING * * *
Unknown command.
It was a potion of resistance.
You feel protected. Something hits you but does no damage.
Jessica casts a spell at you.
You barely resist.
Jessica casts a spell.
Jessica blinks!
It was a potion of invisibility.
You fade into invisibility!
You hear some strange, mumbled words.
You are confused.
Something hits you but does no damage.
Unknown command.
You miss something. Something hits you!
You die...

###### ...[@. ......
#######......
.......... #......
+>..@# #....###
#.....#.{@.+ . #....
#.####.... #### #...
#......... .... ###
#.####.### #### #.####
. #.. # #....#####.
#.#
#.#........#.#######.#
#.#.#...##.#.........#
#..<....##...........#


You could see Jessica (unable to see you).

Vanquished Creatures
  3 adders (D:2)
  A worm (D:2)
  2 dart slugs (D:1)
  2 giant cockroaches (D:1)
  2 hobgoblins (D:1)
  4 jackals (D:1)
  2 quokkas (D:1)
  A ball python (D:1)
  2 bats (D:1)
  2 frilled lizards
  A goblin (D:1)
  2 kobolds
  5 rats
29 creatures vanquished.

Notes
Turn   | Place    | Note
-------+----------+-------------------------------------------
     0 | D:1      | Peloso the Minotaur Fighter began the quest for the Orb.
     0 | D:1      | Reached XP level 1. HP: 19/19 MP: 0/0
    89 | D:1      | Reached XP level 2. HP: 26/27 MP: 1/1
   666 | D:2      | Reached XP level 3. HP: 31/33 MP: 2/2
   861 | D:2      | Noticed Sigmund
   861 | D:2      | Noticed Jessica
   875 | D:2      | Slain by Sigmund

Illustrated notes

Levels and vault maps discovered:
D:1:      lightli_arrival_statue_moat, layout_basic
D:2:      layout_basic, minmay_misc_feat_iff, uniq_sigmund, uniq_jessica

Skill      XL: |  1  2  3 |
---------------+----------+-----
Armour         | 4 |  4.4
Fighting       | 4 |  4.1
Shields        | 4 |  4.2
Long Blades    | 3 |  3.0
Dodging        | |  0.5

Action                     || total
---------------------------++-------
  Melee: Long sword        ||    80
         Headbutt          ||     9
    Use: Potion            ||     3
 Armour: Scale mail        ||    53
  Dodge: Dodged            ||    38
  Block: Buckler           ||    24
